 Dungeon Crawl Stone Soup version 0.25.0-1-g7eea58d (webtiles) character file.

Game seed: 10067858549596513954

128449 malesh the Spear-Bearer (level 16, -2/130 HPs)
             Began as a Demonspawn Gladiator on June 21, 2020.
             Was the Champion of Makhleb.
             Slain by a merfolk impaler
             ... wielding a +7 trident of venom
              (8 damage)
             ... on level 2 of the Shoals.
             The game lasted 02:12:53 (35500 turns).

malesh the Spear-Bearer (Demonspawn Gladiator)     Turns: 35500, Time: 02:12:54

Health: -2/130     AC: 23    Str: 17    XL:     16   Next: 48%
Magic:  22/22      EV: 16    Int: 11    God:    Makhleb [******]
Gold:   1657       SH:  0    Dex: 19    Spells: 10/20 levels left

rFire    + + +     SeeInvis .   a - +6 glaive of the Warrior {vorpal, MR+}
rCold    + + .     Gourm    .   (shield currently unavailable)
rNeg     . . .     Faith    .   z - +0 scale mail {rPois}
rPois    +         Spirit   .   (helmet unavailable)
rElec    +         Reflect  .   o - +0 cloak
rCorr    .         Harm     .   Q - +0 pair of gloves of the Snake Pit {rElec rF++} (curse)
MR       +++++                  C - +2 pair of boots of the Moon {rF+++ MR+++ Str-3 Dex-2}
Stlth    ++........             M - amulet of regeneration
HPRegen  0.71/turn              O - +6 ring of dexterity
MPRegen  0.18/turn              i - +4 ring of protection

@: lethally poisoned (-2 -> -6), studying Polearms
A: horns 3, icy blue scales 3, cold resistance 1, spiny 1
a: Minor Destruction, Lesser Servant of Makhleb, Major Destruction, Greater
Servant of Makhleb, Renounce Religion


You were on level 2 of the Shoals.
You worshipped Makhleb.
Makhleb was exalted by your worship.
You were not hungry.

You visited 6 branches of the dungeon, and saw 26 of its levels.
You also visited: Bailey and Ice Cave.

You collected 3232 gold pieces.
You spent 1575 gold pieces at shops.

Inventory:

Hand Weapons
 a - the +6 glaive of the Warrior (weapon) {vorpal, MR+}
   (You found it in an ice cave)

   It inflicts extra damage upon your enemies.
   It affects your resistance to hostile enchantments.
 b - a +2 vampiric halberd
Missiles
 d - 6 throwing nets
 g - 24 javelins
 r - 10 boomerangs (quivered)
Armour
 o - a +0 cloak (worn)
 z - a +0 scale mail of poison resistance (worn)
 C - the +2 pair of boots of the Moon (worn) {rF+++ MR+++ Str-3 Dex-2}
   (You acquired it on level 1 of the Snake Pit)

   It affects your strength (-3).
   It affects your dexterity (-2).
   It renders you almost immune to fire.
   It affects your resistance to hostile enchantments.
 Q - the cursed +0 pair of gloves of the Snake Pit (worn) {rElec rF++}
   (You bought it in a shop on level 2 of the Orcish Mines)

   It greatly protects you from fire.
   It insulates you from electricity.
   It has a curse placed upon it.
Jewellery
 i - a +4 ring of protection (right hand)
 M - an amulet of regeneration (around neck)
 O - a +6 ring of dexterity (left hand)
Wands
 p - a wand of flame (19)
 x - a wand of random effects (36)
 A - a wand of iceblast (9)
 H - a wand of acid (11)
Scrolls
 e - a scroll of enchant weapon
 k - 6 scrolls of fog
 n - 6 scrolls of remove curse
 s - 5 scrolls of identify
 y - a scroll of fear
 D - 3 scrolls of teleportation
 E - a scroll of summoning
 F - a scroll of silence
 K - 3 scrolls of blinking
 N - a scroll of magic mapping
Potions
 h - 3 potions of haste
 j - a potion of berserk rage
 l - 9 potions of curing
 m - 4 potions of cancellation
 q - a potion of magic
 t - 7 potions of flight
 v - a potion of might
 w - 3 potions of heal wounds
 B - a potion of invisibility
Books
 c - a manual of Polearms
Comestibles
 f - 50 rations
 u - 7 chunks of flesh


   Skills:
 * Level 13.1 Fighting
 * Level 14.6 Polearms
 + Level 8.5 Throwing
 + Level 11.3 Armour
 - Level 8.7 Dodging
 - Level 4.4 Stealth
   Level 4.0 Shields
 - Level 2.9 Spellcasting
 - Level 4.0 Conjurations
 - Level 3.7 Hexes
 - Level 4.0 Charms
 - Level 2.0 Summonings
 - Level 4.1 Air Magic
 - Level 9.1 Invocations
 - Level 5.6 Evocations


You had 10 spell levels left.
You knew the following spells:

 Your Spells              Type           Power        Failure   Level  Hunger
a - Dazzling Flash        Conj/Hex       ##....       38%         3    ###....
b - Swiftness             Chrm/Air       ##......     19%         2    ###....
c - Iskenderun's Mystic   Conj/Tloc      #.......     96%         4    #####..
d - Summon Butterflies    Summ           #.......     30%         1    #......

Your spell library contained the following spells:

 Spells                   Type           Power        Failure   Level  Hunger
 Magic Dart               Conj           ##..         13%         1    #......
 Shock                    Conj/Air       ##..         13%         1    #......
 Searing Ray              Conj           ##....       21%         2    ###....
 Static Discharge         Conj/Air       ##......     36%         3    ###....
 Tukima's Dance           Hex            #.......     41%         3    ###....
 Apportation              Tloc           #.....       56%         1    #......
 Freeze                   Ice            #...         56%         1    #......
 Ozocubu's Armour         Chrm/Ice       #.......     65%         3    ###....
 Airstrike                Air            ##........   77%         4    #####..
 Fulminant Prism          Conj/Hex       ##........   80%         4    #####..
 Frozen Ramparts          Ice            #.....       91%         3    ###....
 Lesser Beckoning         Tloc           #.........   91%         3    ###....
 Hailstorm                Conj/Ice       #.......     96%         4    #####..
 Lightning Bolt           Conj/Air       ##........   98%         5    ######.
 Summon Ice Beast         Ice/Summ       #.......     99%         4    #####..
 Alistair's Intoxication  Tmut/Pois      #.......     100%        5    ######.
 Invisibility             Hex            #.......     100%        6    #######


Dungeon Overview and Level Annotations

Branches:
Dungeon (14/15)            Temple (1/1) D:4            Lair (6/6) D:10
 Shoals (2/4) Lair:3        Snake (1/4) Lair:3        Slime (0/5) Lair:6
    Orc (2/2) D:9             Elf (0/3) Orc:2        Vaults (0/5) D:13
 Bailey (visited)           IceCv (visited)

Altars:
Ashenzari
Cheibriados
Dithmenos
Elyvilon
Fedhas
Gozag
Hepliaklqana
Kikubaaqudgha
Makhleb
Nemelex Xobeh
Okawaru
Qazlal
Ru
Sif Muna
Trog
Uskayaw
Vehumet
Wu Jian
Xom
Yredelemnul
Zin
The Shining One
Beogh

Shops:
D:5 *   D:9 [   D:13 *   Orc:2 :([(   Shoals:1 *   Snake:1 [

Portals:
Hell: Lair:6

Annotations:
Shoals:1 3 runed translucent doors, Zipteul's ghost, adept NaBe
Snake:1 Asterion


Innate Abilities, Weirdness & Mutations

You have a pair of large horns on your head.
You are completely covered in icy blue scales. (AC +4, rC+)
Your flesh is cold resistant. (rC+)
You are partially covered in sharp spines.


Message History

Press: ? - help, Shift-Dir - straight line, f - merfolk
Aim: a merfolk, wielding a +0 spear (lightly wounded)
The mass of ice explodes!
The iceblast engulfs the merfolk!!
The merfolk is heavily wounded.
The iceblast engulfs the merfolk!
The merfolk is severely wounded.
The iceblast engulfs the merfolk impaler.
The merfolk impaler is lightly wounded.
The iceblast engulfs the merfolk!!
You kill the merfolk!
Makhleb accepts your kill.
You feel sick.
You hear a shout! x2
The merfolk impaler hits you but does no damage.
You are more poisoned.
The merfolk hits you but does no damage.
The alligator snapping turtle bites you from afar!
* * * LOW HITPOINT WARNING * * *
The merfolk impaler hits you from afar with a +7 trident of venom!
You die...

≈≈≈≈≈≈≈≈≈.......≈≈.##.≈≈≈≈≈≈≈≈≈≈≈
≈≈≈≈≈≈≈≈≈≈≈≈≈..≈≈≈..≈≈≈≈≈≈≈,,≈≈≈≈
≈≈≈≈≈.≈≈≈≈.....≈≈≈≈≈..≈≈,≈≈,,,≈≈≈
≈≈≈≈≈≈≈≈≈≈≈...≈≈≈≈....≈≈,,≈,**,≈≈
≈≈≈≈≈≈≈≈≈≈≈..[≈≈≈≈.$..≈.,,,,*,≈≈≈
≈≈≈≈≈≈≈..≈≈.##..≈≈......,≈≈≈,,,≈≈
≈≈≈≈≈≈...≈..#....≈..≈...,≈≈,,,,≈≈
≈≈≈≈≈≈..≈≈≈≈≈.m÷).......,,,,,,≈≈,
≈≈≈≈≈≈≈≈≈≈≈≈≈.m)@.......,**,,,,,,
≈≈≈≈≈≈≈≈≈≈≈≈..m...####..****,,,,,
≈≈≈≈≈≈.≈≈≈≈...#mt## *,,****,≈≈,,*
≈≈≈≈≈≈.≈≈≈≈.2#..#####,,≈≈≈≈≈≈≈,,*
≈≈≈≈≈≈≈≈≈≈≈≈.†≈......≈≈≈≈≈≈≈≈≈,**
≈≈≈≈≈≈≈≈≈≈≈≈≈≈≈......≈≈≈,≈≈≈≈≈,*,
≈≈≈≈≈≈≈≈≈≈≈≈≈≈≈≈≈...≈≈≈≈≈≈≈≈≈≈≈≈,
≈≈≈≈≈≈≈≈≈≈≈.≈≈≈≈≈≈≈..≈≈≈≈≈≈≈≈≈≈≈*
≈≈≈≈≈≈≈≈≈≈≈.≈≈≈≈≈≈≈≈≈≈≈≈≈≈≈≈≈≈≈≈,


You could see an alligator snapping turtle, a merfolk impaler, 3 merfolk and a
friendly cacodemon (summoned, skewered).

Vanquished Creatures
  Kirke (D:12)
  An orc warlord (Orc:2)
  2 very ugly things (IceCv)
  Josephine (D:12)
  A merfolk impaler (Shoals:2)
  A vault guard (D:13)
  Harold (Orc:1)
  2 naga warriors (Snake:1)
  4 hydras
  7 two-headed ogres
  A death knight (D:14)
  2 centaur warriors
  A death yak (Lair:5)
  Urug (D:13)
  An orc high priest (Orc:2)
  A shock serpent (Snake:1)
  A naga sharpshooter (Snake:1)
  A sun demon (Lair:6)
  Nergalle (D:10)
  A salamander mystic (Snake:1)
  3 skeletal warriors
  An unseen horror (shapeshifter) (D:14)
  A naga ritualist (Snake:1)
  2 unseen horrors
  A wizard (Lair:6)
  2 orc knights (Orc:2)
  3 deep elf magi
  A harpy (D:13)
  Pikel (D:7)
  4 orc sorcerers
  A salamander (Snake:1)
  3 ugly things
  4 cyclopes
  5 manticores
  17 elephants
  Maurice (D:8)
  9 black mambas
  A water nymph (Shoals:2)
  5 naga magi (Snake:1)
  2 guardian serpents (Snake:1)
  2 orange demons (Lair:6)
  5 ice statues (IceCv)
  14 spiny frogs
  2 torpor snails
  2 centaur skeletons
  2 gargoyles
  3 komodo dragons
  A kobold demonologist (D:14)
  4 rime drakes
  An efreet (D:13)
  2 anaconda simulacra (IceCv)
  An ice devil (Lair:6)
  A redback zombie (D:13)
  2 golden dragon simulacra (IceCv)
  A hellwing (Lair:6)
  3 red devils (Lair:6)
  A wind drake (Shoals:1)
  A queen bee (Lair:3)
  4 trolls
  The ghost of cpf86 the Shooter, an amateur CeHu (D:5)
  A merfolk (Shoals:2)
  A hornet (D:12)
  3 polar bears
  A snapping turtle (Lair:3)
  2 blink frogs
  9 slime creatures
  6 hippogriffs
  2 dream sheep (D:10)
  8 wraiths
  A vampire (D:14)
  A dire elephant simulacrum (IceCv)
  4 basilisks
  Eustachio (D:6)
  5 wyverns
  5 water elementals (D:14)
  38 yaks
  Menkaure (D:5)
  2 hungry ghosts
  3 nagas (Snake:1)
  3 acid dragons (D:12)
  5 vampire mosquitoes
  3 harpy simulacra (IceCv)
  An iron troll simulacrum (IceCv)
  5 wargs
  2 swamp worms (Lair:4)
  11 porcupines
  4 hell hounds (Lair:6)
  9 water moccasins
  A black bear (Lair:4)
  46 orc warriors
  A slave (D:7)
  8 ice beasts
  A phantom (D:11)
  3 eyes of draining
  8 ogres
  14 wolves
  19 centaurs
  10 crocodiles
  6 big kobolds
  22 bullfrogs
  A wyvern zombie (D:14)
  3 scorpions
  36 killer bees
  16 wights
  4 howler monkeys
  4 electric eels (D:14)
  A vampire bat (D:3)
  6 crimson imps
  3 bullfrog zombies
  8 hounds
  6 jellies
  19 orc priests
  A bullfrog skeleton (D:4)
  A gnoll shaman (D:4)
  3 iguanas
  7 worker ants
  18 orc wizards
  2 worker ant zombies
  4 gnolls
  16 adders
  2 shadow imps (D:7)
  3 oozes
  2 adder skeletons
  2 worms (D:2)
  4 dart slugs
  3 fire bats (D:3)
  5 leopard geckos
  106 orcs
  2 spectral bats (D:3)
  13 bats
  3 bat skeletons (D:3)
  A bat zombie (D:3)
  5 giant cockroaches
  7 goblins
  7 hobgoblins
  6 jackals
  22 kobolds
  2 quokkas
  A ball python (D:5)
  A bat simulacrum (D:3)
  11 frilled lizards
  A leopard gecko skeleton (D:5)
  A quokka zombie (D:7)
  10 rats
  3 toadstools (D:1)
810 creatures vanquished.

Vanquished Creatures (collateral kills)
  A catoblepas (Lair:5)
  A manticore (Shoals:2)
  2 elephants (Lair:5)
  A polar bear (Lair:5)
  2 hippogriffs
  3 yaks (Lair:5)
  2 orc warriors (Orc:2)
  A wight (D:11)
13 creatures vanquished.

Vanquished Creatures (others)
  A yak (Lair:6)
  A hungry ghost (D:12)
  An orc wizard (D:7)
  A quokka (D:7)
  3 bushes (Lair:6)
  4 fungi
  8 plants
  A toadstool (D:1)
20 creatures vanquished.

Grand Total: 843 creatures vanquished

Notes
Turn   | Place    | Note
-------+----------+-------------------------------------------
     0 | D:1      | malesh the Demonspawn Gladiator began the quest for the
                  | Orb.
     0 | D:1      | Reached XP level 1. HP: 16/16 MP: 1/1
   299 | D:1      | Gained mutation: You have a pair of small horns on your
                  | head. [demonic ancestry]
   299 | D:1      | Reached XP level 2. HP: 22/22 MP: 2/2
   347 | D:1      | Reached skill level 3 in Polearms
   708 | D:1      | Reached XP level 3. HP: 22/28 MP: 3/3
  1521 | D:2      | Reached XP level 4. HP: 12/35 MP: 4/4
  2594 | D:2      | Found a hazy altar of Hepliaklqana.
  2874 | D:2      | Gained mutation: You are partially covered in sharp spines.
                  | [demonic ancestry]
  2874 | D:2      | Reached XP level 5. HP: 41/41 MP: 5/5
  3142 | D:2      | Reached skill level 4 in Polearms
  3452 | D:3      | Found a white marble altar of Elyvilon.
  3886 | D:3      | You fall into a shaft and drop 2 floors!
  3886 | D:5      | Entered Level 5 of the Dungeon
  3908 | D:5      | Noticed Menkaure
  3923 | D:5      | Killed Menkaure
  3923 | D:5      | Gained mutation: You are partially covered in icy blue
                  | scales. (AC +2) [demonic ancestry]
  3923 | D:5      | Reached XP level 6. HP: 39/49 MP: 6/6
  4288 | D:4      | Reached skill level 5 in Polearms
  4682 | D:4      | Found a staircase to the Ecumenical Temple.
  4694 | Temple   | Entered the Ecumenical Temple
  4915 | Temple   | Became a worshipper of Makhleb the Destroyer
  4934 | D:4      | Reached skill level 5 in Fighting
  4934 | D:4      | Reached XP level 7. HP: 55/56 MP: 7/7
  5743 | D:3      | Reached * piety under Makhleb
  5997 | D:5      | Found Citobeps's Serpentskin Sales.
  6318 | D:5      | Noticed cpf86's ghost (amateur CeHu)
  6690 | D:5      | Found a runed translucent door.
  7027 | D:6      | Reached skill level 6 in Polearms
  7059 | D:6      | Reached XP level 8. HP: 59/64 MP: 8/8
  7540 | D:6      | Reached skill level 5 in Dodging
  7547 | D:6      | Noticed Eustachio
  7556 | D:6      | Killed Eustachio
  7725 | D:7      | Noticed Pikel
  7741 | D:7      | Killed Pikel
  7741 | D:7      | Reached skill level 7 in Polearms
  8177 | D:7      | Reached ** piety under Makhleb
  8177 | D:7      | Reached XP level 9. HP: 71/73 MP: 7/9
  8274 | D:7      | Found an ancient bone altar of Kikubaaqudgha.
  8614 | D:7      | Found a shimmering blue altar of Sif Muna.
  8925 | D:8      | Noticed Maurice
  8939 | D:8      | Killed Maurice
  8988 | D:8      | Found a flagged portal.
  9000 | Bailey   | Entered a bailey
  9219 | Bailey   | Reached skill level 8 in Polearms
 10072 | Bailey   | Reached skill level 1 in Evocations
 10903 | Bailey   | Reached XP level 10. HP: 65/83 MP: 9/11
 12147 | D:9      | Reached skill level 9 in Polearms
 12147 | D:9      | Reached skill level 1 in Invocations
 12171 | D:9      | Found Coittal's Armour Shop.
 12177 | D:9      | Bought a +0 buckler for 63 gold pieces
 12192 | D:9      | Found a staircase to the Orcish Mines.
 12339 | D:9      | Reached skill level 1 in Armour
 12777 | D:9      | Noticed a two-headed ogre
 12788 | D:9      | Killed a two-headed ogre
 12861 | D:9      | Reached *** piety under Makhleb
 12944 | D:10     | Entered Level 10 of the Dungeon
 13006 | D:10     | Noticed a skeletal warrior
 13301 | D:9      | Gained mutation: You are mostly covered in icy blue scales.
                  | (AC +3) [demonic ancestry]
 13301 | D:9      | Reached XP level 11. HP: 90/90 MP: 12/15
 13318 | D:9      | Gained mutation: You are completely covered in icy blue
                  | scales. (AC +4, rC+) [demonic ancestry]
 13318 | D:9      | Reached XP level 12. HP: 97/97 MP: 14/16
 13319 | D:9      | Reached skill level 5 in Throwing
 13319 | D:9      | Gained mutation: Your flesh is cold resistant. (rC+)
                  | [demonic ancestry]
 13319 | D:9      | Reached XP level 13. HP: 103/103 MP: 14/17
 13370 | Orc:1    | Entered Level 1 of the Orcish Mines
 13484 | D:10     | Reached skill level 10 in Fighting
 13610 | D:10     | Reached skill level 1 in Spellcasting
 13886 | D:10     | Found a staircase to the Lair.
 14102 | D:10     | Noticed Nergalle
 14127 | D:10     | Killed Nergalle
 14793 | D:9      | HP: 5/104 [skeletal warrior/+0 dire flail[a skeletal
                  | warrior] (13)]
 14794 | D:9      | Reached skill level 10 in Polearms
 15180 | Lair:1   | Entered Level 1 of the Lair of Beasts
 15268 | Lair:1   | Reached **** piety under Makhleb
 15283 | Lair:1   | Learned a level 3 spell: Dazzling Flash
 15561 | Lair:1   | Learned a level 2 spell: Swiftness
 15872 | Lair:1   | Reached skill level 1 in Conjurations
 16326 | Lair:2   | Reached skill level 1 in Hexes
 16412 | Lair:2   | Reached XP level 14. HP: 102/111 MP: 17/19
 16544 | Lair:2   | Reached skill level 1 in Charms
 16544 | Lair:2   | Reached skill level 1 in Air Magic
 17776 | Lair:3   | Found an ornate altar of the Wu Jian Council.
 18128 | Lair:3   | Found a staircase to the Snake Pit.
 18588 | Lair:3   | Found a staircase to the Shoals.
 18627 | Lair:3   | Reached ***** piety under Makhleb
 19141 | Lair:3   | Identified a scroll of acquirement
 19205 | Lair:4   | Reached skill level 11 in Polearms
 21135 | Lair:5   | Reached skill level 12 in Polearms
 21502 | Lair:6   | Entered Level 6 of the Lair of Beasts
 22451 | Lair:1   | Learned a level 4 spell: Iskenderun's Mystic Blast
 23937 | D:12     | Noticed Josephine
 23946 | D:12     | Killed Josephine
 23966 | D:12     | Reached skill level 13 in Polearms
 23966 | D:12     | Gained mutation: You have a pair of horns on your head.
                  | [demonic ancestry]
 23966 | D:12     | Reached XP level 15. HP: 93/118 MP: 14/20
 24313 | D:12     | Noticed Kirke
 24399 | D:12     | Killed Kirke
 24975 | D:12     | Got a heavily runed chain mail
 25421 | D:12     | Found an opulent altar of Gozag.
 25701 | Lair:1   | Identified the +4 chain mail of Shielding {rN+} (You found
                  | it on level 12 of the Dungeon)
 25850 | Lair:6   | Found a staircase to the Slime Pits.
 26608 | Lair:6   | Reached skill level 14 in Polearms
 26685 | Lair:6   | Paralysed by a wizard for 3 turns
 26705 | Lair:6   | Found a burning altar of Makhleb.
 26730 | Lair:6   | Reached ****** piety under Makhleb
 26979 | Lair:6   | Found a gateway to Hell.
 27461 | D:5      | Killed cpf86's ghost
 27817 | Orc:1    | Noticed Harold
 27836 | Orc:1    | Killed Harold
 27836 | Orc:1    | Reached skill level 10 in Armour
 27963 | Orc:1    | You fall into a shaft and drop 1 floor!
 27963 | Orc:2    | Entered Level 2 of the Orcish Mines
 28206 | Orc:1    | Learned a level 1 spell: Summon Butterflies
 28363 | Orc:1    | Found a roughly hewn altar of Beogh.
 28687 | Orc:2    | Found a roughly hewn altar of Beogh.
 28689 | Orc:2    | Found Qiefug's Book Emporium.
 29039 | Orc:2    | Reached skill level 1 in Summonings
 29050 | Orc:2    | Noticed an orc warlord
 29249 | Orc:2    | Killed an orc warlord
 29455 | Orc:2    | Found a roughly hewn altar of Beogh.
 29455 | Orc:2    | Found Foepat Cijue's Antique Weapon Shoppe.
 29460 | Orc:2    | Found Qiraz's Antique Armour Emporium.
 29465 | Orc:2    | Bought a runed buckler for 225 gold pieces
 29465 | Orc:2    | Bought a pair of brightly glowing gloves for 285 gold
                  | pieces
 29470 | Orc:2    | Identified the cursed +0 pair of gloves of the Snake Pit
                  | {rElec rF++} (You bought it in a shop on level 2 of the
                  | Orcish Mines)
 29495 | Orc:2    | Bought the +0 mask of the Dragon {MR+ Slay+3 SInv} for 1002
                  | gold pieces
 29495 | Orc:2    | Found the +0 mask of the Dragon {MR+ Slay+3 SInv}
 29612 | Orc:2    | Found a roughly hewn altar of Beogh.
 29628 | Orc:2    | Found Neodum Zigg's Antique Weapon Boutique.
 29654 | Orc:2    | Found a staircase to the Elven Halls.
 29868 | Orc:2    | Found a roughly hewn altar of Beogh.
 29937 | Orc:2    | Found a roughly hewn altar of Beogh.
 30003 | Orc:2    | Found a roughly hewn altar of Beogh.
 30062 | Orc:2    | Found a roughly hewn altar of Beogh.
 30299 | Orc:2    | Found a roughly hewn altar of Beogh.
 31168 | D:13     | Found a gate to the Vaults.
 31656 | D:13     | Noticed Urug
 31674 | D:13     | Killed Urug
 31955 | D:13     | Reached skill level 5 in Evocations
 32093 | D:13     | Found Ceoti's Assorted Antiques.
 32284 | D:14     | Found a sacrificial altar of Ru.
 32518 | D:14     | Gained mutation: You have a pair of large horns on your
                  | head. [demonic ancestry]
 32518 | D:14     | Reached XP level 16. HP: 125/129 MP: 19/22
 33769 | Snake:1  | Entered Level 1 of the Snake Pit
 33795 | Snake:1  | Got the +2 pair of boots of the Moon {rF+++ MR+++ Str-3
                  | Dex-2}
 33818 | Snake:1  | Found a frozen archway.
 33833 | IceCv    | Entered an ice cave
 34443 | IceCv    | Got a faintly glowing glaive
 34444 | IceCv    | Identified the +6 glaive of the Warrior {vorpal, MR+} (You
                  | found it in an ice cave)
 34527 | Snake:1  | Found Mudirr's Armour Shop.
 35041 | Snake:1  | Noticed Asterion
 35290 | Shoals:1 | Entered Level 1 of the Shoals
 35299 | Shoals:1 | Found a runed translucent gate.
 35300 | Shoals:1 | Found a runed translucent gate.
 35300 | Shoals:1 | Noticed Zipteul's ghost (adept NaBe)
 35379 | Shoals:1 | Found a runed translucent gate.
 35408 | Shoals:1 | Found Suetun's Island Escapes.
 35443 | Shoals:1 | You fall into a shaft and drop 1 floor!
 35500 | Shoals:2 | HP: 6/130 [alligator snapping turtle (8)]
 35500 | Shoals:2 | Slain by a merfolk impaler

Illustrated notes

Levels and vault maps discovered:
D:1:      ldierk_water_garden, layout_loops_ring, minmay_misc_feat_plants
D:2:      layout_loops_corners, marbit_many_paths, kennysheep_potato
D:3:      layout_loops_ring, elyvilon_altar_5, goddamned_bats
D:4:      layout_basic, minmay_temple_entry_slanted, first_ration
D:5:      minmay_spotlight, layout_basic, gammafunk_ghost_grave,
          guppyfry_shop_venom, uniq_menkaure
D:6:      layout_gridville, uniq_eustachio
D:7:      layout_gridville, kennysheep_mini, led_sif_pool, uniq_pikel
D:8:      layout_loops_cross, enter_bailey_2, uniq_maurice
D:9:      layout_roguey, orc_0_dummy, serial_shops, nicolae_shop_stone
D:10:     layout_cave_pools, lair_entry_dummy, hangedman_ranch
          [blue_anna_fruit_fields], chequers_serial_rivers_small_3,
          minmay_stone_trees_small, uniq_nergalle
D:11:     layout_stronghold
D:12:     layout_loops_corners, kennysheep_pointless_box,
          nicolae_gozag_cash_rules_everything_around_me, uniq_kirke,
          uniq_josephine
D:13:     layout_grid_maze, david_vaults_5, serial_shops, shop, uniq_urug
D:14:     nooodl_glass_maze, layout_basic, nicolae_ru_sacrificial_ziggurat,
          chequers_garden
Temple:   eino_narrow_crystal_temple
Lair:1:   layout_gridlike, nicolae_quartered_pool_super, serial_bayou_shore_b
Lair:2:   layout_cave_pods, nicolae_lair_grove_arrangements,
          chequers_serial_rivers_small_b, grunt_megastairs_3
Lair:3:   cheibrodos_lair_river_kwai, layout_gridlike, minmay_shoals_entry_hut,
          dummy_snake_entry, special_room [special_room_bee], basic_altar,
          lemuel_fruit_tree
Lair:4:   layout_small_grid, st_stairs_4, chequers_serial_rivers_micro_e,
          worms_lemuel, grunt_megastairs_1, lemuel_fruit_fields
Lair:5:   layout_hall_layers, beast_lair_carwin_9
Lair:6:   evil_forest, layout_misc_corridors, nicolae_slime_entry_slimehenge,
          grunt_forest_stairs_basic
Shoals:1: gammafunk_the_bubble [the_bubble_gammafunk_split], layout_shoals,
          ebering_ghost_davey_jones, nicolae_island_escapes, uniq_roxanne
Shoals:2: layout_shoals, argonaut_gorgonesque
Snake:1:  layout_gridlike, gammafunk_ghost_cemetery, serial_shops, shop,
          portal_ice_cave_entry_pillars_1, uniq_asterion
Orc:1:    layout_diamond_mine, basic_altar, uniq_harold
Orc:2:    grunt_orc_community_town_hall, layout_diamond_mine,
          grunt_orc_community_big_house_2, grunt_orc_community_big_house_1,
          grunt_orc_community_house_1, grunt_orc_community_house_1,
          grunt_orc_community_house_3, grunt_orc_community_house_1,
          grunt_orc_community_house_3, grunt_orc_community_house_2

Skill      XL: |  1  2  3  4  5  6  7  8  9 10 11 12 13 14 15 16 |
---------------+-------------------------------------------------+-----
Polearms       | 3 4 5 6 7 8 9 10 13 14 | 14.6
Dodging        | 3 4 5 6 7 8 |  8.7
Fighting       | 3 4 5 6 7 9 10 11 12 13 | 13.1
Evocations     | 1 2 4 5 |  5.6
Invocations    | 6 8 9 |  9.1
Throwing       | 2 5 6 7 8 |  8.5
Armour         | 4 7 8 9 10 11 | 11.3
Shields        | 3 4 |  4.0
Stealth        | 4 |  4.4
Spellcasting   | 1 2 |  2.9
Conjurations   | 1 3 4 |  4.0
Hexes          | 1 3 |  3.7
Charms         | 4 |  4.0
Air Magic      | 4 |  4.1
Summonings     | 2 |  2.0

Action                   |  1- 3 |  4- 6 |  7- 9 | 10-12 | 13-15 | 16-18 || total
-------------------------+-------+-------+-------+-------+-------+-------++-------
Melee: Trident           |   109 |   152 |   366 |   113 |  2175 |   124 ||  3039
       Headbutt          |     7 |    12 |    30 |    25 |   651 |    96 ||   821
       Spear             |       |       |       |       |   187 |       ||   187
       Halberd           |       |       |       |       |       |   149 ||   149
       Glaive            |       |       |       |       |       |   116 ||   116
Throw: Throwing net      |       |       |       |       |     1 |       ||     1
       Boomerang         |       |       |       |       |    49 |    37 ||    86
       Javelin           |       |       |       |       |    18 |       ||    18
 Cast: Swiftness         |       |       |       |       |     2 |       ||     2
Invok: Minor Destruction |       |       |     1 |       |       |       ||     1
       Lesser Servant of |       |       |       |       |    11 |     1 ||    12
       Greater Servant o |       |       |       |       |     1 |     1 ||     2
Evoke: Wand              |       |       |    23 |     3 |     3 |     1 ||    30
  Use: Potion            |       |     4 |     1 |     3 |     4 |     1 ||    13
       Scroll            |       |     3 |    10 |     5 |    17 |     4 ||    39
 Stab: Sleeping          |     3 |     1 |     2 |     2 |    16 |     2 ||    26
       Distracted        |       |       |     2 |       |     4 |       ||     6
       Held in net/web   |       |       |       |       |     1 |       ||     1
       Petrified         |       |       |       |       |     4 |       ||     4
  Eat: Chunk             |     2 |     6 |    19 |     5 |    60 |     6 ||    98
       Ration            |       |     1 |       |     1 |     1 |     1 ||     4
Armor: Leather armour    |    12 |    12 |    58 |    13 |       |       ||    95
       Scale mail        |       |       |       |       |   422 |   176 ||   598
Dodge: Dodged            |    36 |    67 |   233 |    54 |   935 |   205 ||  1530
Block: Buckler           |       |       |       |       |   406 |    34 ||   440
